 Dungeon Crawl Stone Soup version 0.29-a0-653-gd47aff6735 (webtiles) character file.

Game seed: 8411117274900418915

12 ytrimaz the Skirmisher (level 2, 23/24 HPs)
             Began as a Demonspawn Monk on June 21, 2022.
             Quit the game on level 1 of the Dungeon.
             The game lasted 00:00:39 (595 turns).

ytrimaz the Skirmisher (Demonspawn Monk)             Turns: 595, Time: 00:00:40

Health: 23/24      AC:  2    Str: 11    XL:     2   Next: 20%
Magic:  2/2        EV: 13    Int: 11    God:
Gold:   28         SH:  0    Dex: 15    Spells: 1/1 levels left

rFire   . . .      SeeInvis .     - Unarmed
rCold   . . .      Faith    .   (no shield)
rNeg    . . .      Spirit   .   a - +0 robe
rPois   .          Reflect  .   (no helmet)
rElec   .          Harm     .   (no cloak)
rCorr   .          Rampage  .   (no gloves)
Will    .....                   (no boots)
Stlth   ++........              (no amulet)
HPRegen 0.08/turn               (no ring)
MPRegen 0.08/turn               (no ring)

@: weak-willed
A: foul stench 1
a: no special abilities


You were on level 1 of the Dungeon.
You visited 1 branch of the dungeon, and saw 1 of its levels.

You collected 28 gold pieces.

Inventory:

Armour
 a - a +0 robe (worn)
Scrolls
 e - a scroll of immolation
 h - a scroll of summoning
Potions
 b - a potion of ambrosia
 i - a potion of curing
 j - a potion of flight
 k - a potion of attraction {unknown}


   Skills:
 * Level 3.3 Fighting
 * Level 3.0 Dodging
 - Level 1.7 Stealth
 - Level 2.6 Unarmed Combat


You had one spell level left.
You didn't know any spells.
Your spell library was empty.

Dungeon Overview and Level Annotations

Branches:
Dungeon (1/15)

Altars:


Innate Abilities, Weirdness & Mutations

You may rarely emit foul miasma when damaged in melee.


Message History

The bat hits you but does no damage. The bat barely misses you.
You barely miss the bat. The bat barely misses you. x2
You hit the bat.
You kill the bat!
The bat misses you.
You miss the bat. The bat hits you.
You miss the bat. The bat hits you.
You emit a cloud of foul miasma!
The bat is engulfed in dark miasma.
The bat is poisoned.
You kill the bat!
No target in view!
No target in view!
No target in view!
No target in view!
No target in view!
No target in view!
No target in view!
No target in view!
As you read the scroll labelled WINAV JUAPP, it crumbles to dust.
It is a scroll of enchant weapon.
You aren't carrying any weapons that can be enchanted.
As you read the scroll labelled BIURHERANOSK, it crumbles to dust.
It is a scroll of amnesia.
You feel forgetful for a moment.
As you read the scroll labelled PYDYUNL VEJAV, it crumbles to dust.
The air around you briefly surges with heat, but it dissipates.
It was a scroll of immolation.
Unknown command.
As you read the scroll labelled NURCHI MUNE, it crumbles to dust.
Magic quickly surges around you.
It was a scroll of vulnerability.
Unknown command.
As you read the scroll labelled SUFERI GOBUR, it crumbles to dust.
It is a scroll of identify.
h - a scroll of summoning Unknown command.
As you read the scroll of identify, it crumbles to dust.
j - a potion of flight
As you read the scroll of identify, it crumbles to dust.
i - a potion of curing Are you sure you want to abandon this character and quit the game? (Confirm with "yes".)

#.. #.......#
#.#######.......#
..##............#
.... #..$..#
...#####.##..#
...#...†.##..####
...#.#####......##
.....# #........##
...###
#........@.# ..##
#......)..†# ...#
#..........# ...#
#..........# ...#
#..........# ...#
##........## ...#
#........# ..##
.......... .##


There were no monsters in sight!

Vanquished Creatures
  A dart slug (D:1)
  2 bats (D:1)
  4 endoplasms (D:1)
  A hobgoblin (D:1)
8 creatures vanquished.

Notes
Turn   | Place    | Note
-------+----------+-------------------------------------------
     0 | D:1      | ytrimaz the Demonspawn Monk began the quest for the Orb.
     0 | D:1      | Reached XP level 1. HP: 18/18 MP: 1/1
   438 | D:1      | Gained mutation: You may rarely emit foul miasma when
                  | damaged in melee. [demonic ancestry]
   438 | D:1      | Reached XP level 2. HP: 13/24 MP: 2/2
   595 | D:1      | Quit the game

Illustrated notes

Levels and vault maps discovered:
D:1:      dpeg_arrival_round_b, layout_rooms

Skill      XL: |  1 |
---------------+----+-----
Dodging        | 3 |  3.0
Fighting       | |  3.3
Stealth        | |  1.7
Unarmed Combat | |  2.6

Action                   || total
-------------------------++-------
Melee: Unarmed           ||    24
  Use: Scroll            ||     7
Armor: Robe              ||     5
Dodge: Dodged            ||    14

Table legend: (Time is in decaauts)
 A = Elapsed time spent in this place.
 B = Non-inter-level travel time spent in this place.
 C = Inter-level travel time spent in this place.
 D = Time resting spent in this place.
 E = Time spent auto-exploring this place.
 F = Levels seen in this place.
 G = Mean time per level.
                   A        B        C        D        E       F      G
               +--------+--------+--------+--------+--------+-----+--------+
         Total |    593 |    593 |      0 |      0 |    517 |   1 |  593.0 |
       Dungeon |    593 |    593 |      0 |      0 |    517 |   1 |  593.0 |
               +--------+--------+--------+--------+--------+-----+--------+

Top non-repeatable levels by time:
     D:1: 593 daAuts
